Map: Dreamcatcher LE

Players

GOStephano (Stephano)

  • Race: Zerg Zerg
  • League: Master
  • Spawn Location: 5:00

Lambo - Winner!

  • Race: Zerg Zerg
  • League: Master
  • Spawn Location: 11:00

Event: HomeStory Cup XVII

VOD

Have the link to the VOD?

Description

Time

  • Played on: July 1, 2018, 10:51 a.m.
  • Length: 18:38

All games in this series

Show
View Real Time Build Order
Export as new Build Order

GOStephano Zerg 

Build Orders: Hatch First 

Get SALT Encoding   

  12  0:01  Drone  
  13  0:12  Overlord  
  13  0:17  Drone  
  14  0:30  Drone x2  
  16  0:48  Hatchery  
  15  0:51  Drone  
  15  0:54  Drone  
  17  0:58  Drone  
  18  1:08  Extractor  
  17  1:13  Spawning Pool  
  17  1:16  Drone  
  17  1:20  Drone  
  18  1:28  Drone  
  19  1:38  Drone  
  20  1:49  Drone  
  21  2:00  Queen x2  
  21  2:01  Overlord  
  25  2:02  Zergling x2  
  26  2:11  Drone x2  
  28  2:23  Drone x2  
  30  2:34  Hatchery  
  29  2:39  Queen  
  29  2:44  Drone  
  32  2:51  Overlord  
  31  2:53  Drone x2  
  31  2:57  Drone x2  
  35  3:02  Evolution Chamber  
  34  3:06  Drone  
  34  3:09  Drone x3  
  34  3:11  Drone x2  
  34  3:12  Drone  
  41  3:16  Drone  
  42  3:22  Lair  
  42  3:24  Drone  
  42  3:26  Extractor  
  42  3:29  Extractor  
  42  3:30  Zerg Missile Weapons Level 1  
  42  3:33  Drone  
  42  3:39  Roach Warren  
  41  3:45  Overlord, Drone x2  
  43  3:49  Overlord  
  43  3:53  Drone x2  
  43  3:55  Overlord  
  45  3:57  Drone x2  
  45  4:00  Drone  
  45  4:01  Drone  
  49  4:03  Drone  
  49  4:09  Drone  
  51  4:12  Drone x4  
  55  4:18  Glial Reconstitution  
  55  4:20  Roach  
  55  4:21  Roach  
  55  4:23  Roach  
  61  4:26  Roach  
  61  4:29  Roach  
  65  4:33  Roach x2  
  65  4:34  Overlord  
  65  4:38  Roach  
  71  4:40  Overseer  
  71  4:43  Roach  
  71  4:45  Overlord  
  73  4:51  Overlord  
  73  4:53  Roach  
  73  4:54  Roach x3  
  73  4:59  Overlord x2  
  79  5:15  Drone x6  
  79  5:16  Drone x3  
  79  5:17  Drone x3  
  79  5:20  Drone x3  
  93  5:25  Drone, Zerg Missile Weapons Level 2  
  94  5:30  Extractor  
  94  5:31  Extractor  
  94  5:32  Drone x4  
  94  5:33  Drone  
  97  5:42  Overlord  
  97  5:44  Pneumatized Carapace  
  97  5:48  Roach x5  
  107  5:51  Roach x2  
  107  5:53  Roach  
  107  5:54  Roach  
  113  6:00  Overlord x3  
  113  6:10  Overlord  
  109  6:18  Roach x6  
  109  6:21  Roach  
  109  6:22  Roach  
  109  6:25  Hatchery  
  120  6:27  Ravager  
  120  6:28  Ravager x2  
  120  6:29  Roach x2  
  127  6:34  Roach x3  
  131  6:41  Overseer x2  
  131  6:45  Roach x2  
  134  6:48  Roach  
  134  6:53  Roach x3  
  138  6:59  Roach  
  138  7:00  Roach x2  
  127  7:08  Roach  
  127  7:09  Roach x3  
  127  7:13  Queen  
  127  7:14  Roach x2  
  137  7:18  Drone  
  137  7:19  Drone x2  
  135  7:26  Roach x4  
  135  7:29  Roach  
  124  7:39  Roach x3  
  122  7:48  Roach x3  
  122  7:51  Roach  
  122  7:57  Roach x3  
  122  8:02  Roach x2  
  124  8:08  Drone x4  
  128  8:18  Drone x2  
  128  8:19  Roach  
  134  8:20  Roach  
  134  8:26  Roach x3  
  140  8:29  Ravager x2  
  140  8:31  Roach  
  143  8:39  Roach x3  
  148  8:47  Roach x6  
  154  8:51  Roach x3  
  159  9:01  Roach x2  
  160  9:03  Overlord x2  
  160  9:07  Overseer  
  159  9:19  Overlord x2  
  159  9:23  Roach x4  
  167  9:32  Overlord  
  167  9:34  Ravager  
  162  9:38  Roach  
  162  9:39  Roach x2  
  162  9:42  Roach  
  164  9:48  Roach  
  164  9:49  Roach  
  164  9:52  Roach  
  162  10:00  Roach  
  162  10:01  Roach x2  
  162  10:03  Roach  
  168  10:12  Roach x4  
  160  10:14  Overseer  
  160  10:20  Ravager x2  
  160  10:21  Ravager x2  
  161  10:23  Ravager x2  
  161  10:24  Roach  
  161  10:28  Roach x2  
  170  10:31  Roach  
  172  10:37  Roach x2  
  176  10:43  Roach x2  
  180  10:51  Roach x3  
  186  10:57  Overlord  
  182  11:06  Roach x4  
  184  11:13  Roach x3  
  184  11:16  Roach  
  178  11:25  Roach  
  178  11:26  Roach x2  
  178  11:30  Roach x2  
  176  11:34  Roach  
  176  11:35  Roach  
  180  11:41  Ravager  
  180  11:42  Ravager x2  
  180  11:43  Ravager x2  
  180  11:44  Ravager  
  180  11:46  Roach x2  
  190  11:55  Roach x2  
  190  11:57  Overlord  
  194  12:22  Roach  
  192  12:23  Roach x8  
  184  12:33  Roach x5  
  186  12:40  Roach x2  
  178  12:44  Roach  
  178  12:45  Roach  
  163  12:53  Roach x3  
  165  12:59  Roach x2  
  161  13:14  Roach x6  
  166  13:24  Roach  
  166  13:25  Roach  
  170  13:40  Roach x5  
  174  13:51  Ravager x3  
  174  13:52  Ravager x2  
  174  13:53  Ravager  
  178  13:56  Ravager  
  178  13:58  Roach x5  
  189  14:03  Overseer  
  189  14:05  Roach x2  
  193  14:11  Overlord  
  193  14:12  Ravager  
  194  14:28  Roach x2  
  194  14:38  Roach  
  194  14:39  Roach x2  
  195  15:15  Roach x2  
  199  15:26  Roach  
  196  15:33  Roach x2  
  196  15:34  Roach x3  
  192  15:47  Roach x8  
  182  15:59  Roach x2  
  182  16:03  Roach x2  
  171  16:10  Roach x3  
  169  16:17  Roach  
  158  16:21  Roach x2  
  159  16:30  Roach  
  156  16:39  Ravager  
  150  16:40  Ravager x5  
  150  16:45  Roach  
  146  17:17  Roach  
  142  17:27  Roach  
  126  17:42  Roach  
  99  17:58  Roach  
  48  18:18  Roach x2  
Show
View Real Time Build Order
Export as new Build Order

Lambo Zerg - Winner!

Build Orders: Hatch First 

Get SALT Encoding   

  12  0:00  Drone  
  13  0:12  Overlord  
  13  0:17  Drone  
  14  0:31  Drone x2  
  16  0:48  Hatchery  
  15  0:51  Drone  
  15  0:55  Drone  
  17  0:58  Drone  
  18  1:08  Extractor  
  17  1:13  Spawning Pool  
  17  1:17  Drone  
  17  1:20  Drone  
  18  1:30  Drone  
  19  1:39  Drone  
  20  1:49  Overlord  
  20  2:00  Queen x2  
  24  2:02  Drone x2  
  26  2:11  Drone x2  
  28  2:22  Drone x2  
  30  2:32  Drone  
  30  2:33  Drone  
  30  2:36  Lair, Queen  
  34  2:40  Evolution Chamber  
  34  2:43  Overlord  
  33  2:49  Drone  
  34  2:55  Drone x2  
  36  2:58  Roach Warren  
  36  3:05  Drone x2  
  37  3:06  Zerg Missile Weapons Level 1  
  37  3:08  Drone  
  37  3:11  Drone  
  39  3:13  Drone  
  39  3:16  Drone  
  39  3:18  Overlord  
  41  3:21  Drone  
  41  3:25  Drone, Extractor  
  43  3:27  Drone, Extractor  
  43  3:33  Drone  
  43  3:37  Glial Reconstitution  
  43  3:39  Drone  
  43  3:40  Drone  
  43  3:41  Drone x2  
  47  3:43  Drone  
  48  3:54  Hatchery  
  47  3:57  Roach  
  47  4:00  Overlord  
  47  4:02  Overseer  
  49  4:04  Roach  
  51  4:12  Overlord  
  51  4:19  Roach x4  
  59  4:25  Overlord  
  59  4:32  Roach x4  
  59  4:36  Overlord  
  67  4:46  Drone x5  
  67  4:48  Drone  
  73  4:56  Drone x3  
  73  4:57  Tunneling Claws  
  73  4:58  Burrow  
  76  5:00  Drone x2  
  78  5:16  Roach x6  
  78  5:19  Extractor  
  78  5:21  Roach x2  
  87  5:24  Roach  
  87  5:26  Overlord  
  87  5:28  Overlord  
  89  5:31  Overlord  
  89  5:37  Overlord  
  89  5:38  Zerg Missile Weapons Level 2  
  89  5:41  Drone  
  90  5:43  Overlord  
  90  5:44  Drone, Extractor  
  90  5:53  Roach x4  
  90  5:54  Drone x3  
  90  5:55  Roach  
  103  5:59  Roach x2  
  103  6:02  Drone  
  103  6:03  Drone x2  
  109  6:08  Roach x2  
  108  6:12  Roach  
  108  6:14  Roach x4  
  108  6:16  Roach  
  109  6:25  Roach x4  
  109  6:27  Roach x4  
  109  6:29  Roach x5  
  109  6:31  Roach x2  
  109  6:32  Roach x3  
  121  6:36  Roach x3  
  127  6:40  Roach x3  
  127  6:44  Roach  
  127  6:51  Roach x2  
  127  6:55  Roach  
  127  6:58  Roach x3  
  127  7:01  Roach x7  
  129  7:08  Roach x16  
  129  7:14  Roach  
  129  7:15  Roach x2  
  127  7:26  Roach x2  
  121  7:30  Roach  
  121  7:31  Roach x3  
  121  7:37  Roach x2  
  121  7:40  Roach  
  121  7:42  Roach x5  
  117  7:48  Roach x2  
  113  7:51  Roach  
  103  8:00  Roach x3  
  107  8:07  Zerg Ground Armor Level 1  
  107  8:08  Roach  
  107  8:09  Roach  
  107  8:10  Roach  
  107  8:13  Roach  
  107  8:19  Roach  
  111  8:21  Roach  
  111  8:22  Roach  
  111  8:25  Roach  
  111  8:26  Roach x6  
  129  8:31  Hatchery  
  129  8:32  Overlord, Roach  
  129  8:33  Overlord  
  130  8:34  Roach x3  
  130  8:37  Overlord  
  130  8:43  Roach  
  130  8:45  Roach  
  130  8:52  Ravager  
  130  8:53  Ravager x3  
  134  8:56  Roach x5  
  134  9:02  Roach x3  
  150  9:09  Roach x13  
  150  9:12  Roach x2  
  154  9:17  Overlord  
  154  9:22  Overlord, Roach x2  
  154  9:25  Overlord  
  154  9:29  Overlord  
  154  9:32  Overlord  
  154  9:42  Roach  
  154  9:43  Roach x20  
  162  9:54  Roach x5  
  162  9:58  Roach  
  166  10:04  Roach x3  
  171  10:08  Roach  
  171  10:09  Roach x7  
  171  10:11  Roach x2  
  159  10:16  Roach x2  
  159  10:21  Roach  
  161  10:27  Ravager x2  
  161  10:28  Ravager x6  
  169  10:30  Roach  
  169  10:31  Roach  
  169  10:33  Drone  
  174  10:36  Roach x17  
  174  10:39  Roach  
  174  10:40  Roach  
  174  10:42  Roach  
  182  10:44  Drone  
  182  10:47  Roach  
  185  10:50  Roach x11  
  185  10:53  Roach x2  
  189  11:00  Roach x2  
  189  11:01  Roach  
  189  11:10  Roach x4  
  183  11:14  Roach x2  
  183  11:21  Roach x3  
  183  11:22  Roach x22  
  179  11:29  Roach x3  
  179  11:32  Roach x2  
  179  11:39  Roach x2  
  183  11:43  Roach  
  183  11:44  Roach  
  183  11:46  Ravager  
  183  11:47  Ravager x3  
  191  11:49  Roach  
  191  11:51  Roach x19  
  191  11:52  Roach  
  195  11:56  Roach x2  
  199  12:05  Roach  
  198  12:20  Roach x3  
  196  12:27  Roach x6  
  194  12:33  Roach x5  
  192  12:50  Roach x21  
  163  12:53  Roach x8  
  172  13:00  Roach  
  172  13:01  Roach x2  
  172  13:04  Drone  
  172  13:05  Drone  
  172  13:12  Roach x2  
  143  13:14  Roach x12  
  139  13:20  Roach x3  
  139  13:25  Roach  
  139  13:26  Roach x2, Ravager x2  
  139  13:31  Roach  
  141  13:34  Roach x2  
  141  13:37  Roach  
  141  13:40  Ravager x4  
  147  13:41  Drone  
  147  13:46  Roach x2  
  149  13:49  Roach  
  149  13:53  Roach  
  149  13:55  Ravager x2  
  154  13:57  Roach  
  154  14:00  Roach  
  154  14:02  Roach x2  
  161  14:03  Roach  
  161  14:05  Roach  
  161  14:08  Roach  
  165  14:13  Roach  
  165  14:14  Roach  
  169  14:18  Roach  
  169  14:19  Ravager  
  172  14:25  Roach x2  
  172  14:30  Roach  
  176  14:38  Roach x3  
  182  14:43  Overlord  
  180  15:05  Roach x6  
  180  15:11  Roach x3  
  180  15:17  Roach x3  
  180  15:26  Roach x2  
  179  15:29  Overlord  
  179  15:30  Roach x39  
  169  15:43  Roach x4  
  170  15:51  Roach x4  
  170  15:52  Roach x28  
  170  15:56  Roach  
  168  16:01  Roach x2  
  154  16:05  Roach x5  
  154  16:07  Roach x2  
  154  16:11  Roach x32  
  146  16:23  Roach x3  
  146  16:24  Roach x30  
  146  16:29  Overlord x2  
  146  16:34  Roach x5  
  144  16:47  Overlord  
  144  16:49  Roach  
  144  16:50  Overlord  
  146  16:54  Overlord  
  146  17:03  Roach x5  
  146  17:04  Roach  
  145  17:09  Roach x7  
  157  17:19  Roach  
  149  17:24  Roach  
  149  17:25  Roach x5  
  157  17:31  Roach x2  
  157  17:33  Roach x31  
  155  17:39  Roach  
  155  17:42  Roach x2  
  150  17:49  Roach  
  131  18:03  Roach x5  
  76  18:18  Roach x3  
Tags
 
Add a new tag
Caveats
  • Supply blocks, unpowered buildings, or Contaminate may cause inaccurate times.
  • Supply counts are checked every 10 seconds.